AoeStats
← b站江条

Arabia

503482342Analyzed
1v1 RM · 1mo ago on Aug 31, 2026· 34m 42s· 2 players
Game mode
Random Map
Map size
Tiny (2 player)
Population
200
Speed
Normal
Resources
Standard
Victory
Conquest
Starting age
Dark Age
Ending age
Imperial Age
RankedLock teamsTeams togetherTeam positionsShared explorationLock speedFull tech treeHidden civsTurbo modeCheats
Victory
Defeat
🇨🇳 Maya · China
1333
+18
🇨🇳 Vikings · China
1378
-18
b站江条
0:25 Loom
8:48 Feudal Age
16:44 Fletching
22:20 Castle Age
22:06 Gold Mining
22:18 Padded Archer Armor
22:27 Crossbowman
23:05 Bodkin Arrow
23:58 Double-Bit Axe
24:55 Wheelbarrow
27:38 Leather Archer Armor
33:31 Imperial Age
32:51 Thumb Ring
32:28 Horse Collar
33:01 Bow Saw
33:53 Heavy Plow
34:28 Ballistics
33:34 Arbalester
34:33 Bracer
5779817
7:00 Loom
9:19 Feudal Age
13:54 Double-Bit Axe
15:25 Fletching
21:26 Horse Collar
24:30 Castle Age
22:51 Gold Mining
23:00 Town Watch
23:18 Padded Archer Armor
24:32 Crossbowman
25:08 Bodkin Arrow
30:58 Gold Shaft Mining
32:53 Bow Saw
36:14 Imperial Age
34:57 Ballistics
Connection lost

Rejoining the realm…

Still unreachable

The connection could not be restored.

Session expired

The server has moved on; the page needs a fresh start.